 Dungeon Crawl Stone Soup version 0.22-a0-551-g3b2bdd4ba6 (webtiles) character file.

1559 Deemzul the Covert (level 8, -4/41 HPs)
             Began as an Octopode Wizard on June 25, 2018.
             Was a Follower of Hepliaklqana.
             Slain by a wight
             ... wielding a cursed +0 spear
              (9 damage)
             ... on level 8 of the Dungeon.
             The game lasted 00:16:42 (9739 turns).

Deemzul the Covert (Octopode Wizard)                Turns: 9739, Time: 00:16:43

Health: -4/41      AC:  1    Str:  6    XL:     8   Next: 89%
Magic:  14/16      EV: 15    Int: 21    God:    Hepliaklqana [*.....]
Gold:   460        SH:  0    Dex: 12    Spells: 12/18 levels left

rFire    . . .     SeeInvis .   o - +0 dagger (venom)
rCold    . . .     Gourm    .   (no shield)
rNeg     + + .     Faith    +   a - +0 hat
rPois    .         Spirit   .   l - amulet of faith
rElec    .         Reflect  .   (no ring)
rCorr    .         Harm     .   r - ring of positive energy
MR       .....                  (no ring)
Stlth    +++++.....             y - ring of positive energy
HPRegen  0.13/turn              (no ring)
MPRegen  0.15/turn              (no ring)
                                (no ring)
                                (no ring)

@: drained
A: almost no armour, stealthy swim, amphibious, 8 rings, constrict 8, reduced
essence, camouflage 1, gelatinous body 1
a: Recall Ancestor, Ancestor Identity, Renounce Religion


You were on level 8 of the Dungeon.
You worshipped Hepliaklqana.
Hepliaklqana was aware of your devotion.
You were hungry.

You visited 2 branches of the dungeon, and saw 9 of its levels.

You collected 460 gold pieces.

Inventory:

Hand Weapons
 o - a +0 dagger of venom (weapon)
Armour
 a - a +0 hat (worn)
Jewellery
 l - an amulet of faith (around mantle)
 r - a ring of positive energy (right tentacle)
 y - a ring of positive energy (on tentacle)
Wands
 d - a wand of paralysis (20)
 t - a wand of acid (4)
 w - a wand of scattershot (4)
Scrolls
 b - a scroll of fog {unknown}
 e - a scroll of random uselessness
 f - 8 scrolls of remove curse
 g - 5 scrolls of identify {unknown}
 j - 2 scrolls of blinking {unknown}
 k - a scroll of enchant weapon {unknown}
 m - a scroll of holy word {unknown}
 p - a scroll of amnesia {unknown}
 q - 2 scrolls of magic mapping {unknown}
 s - 4 scrolls of teleportation {unknown}
 u - a scroll of silence {unknown}
Potions
 h - a potion of flight
Comestibles
 c - 14 rations


   Skills:
 + Level 4.2(4.1) Dodging
 * Level 8.4(8.3) Stealth
 * Level 5.9(5.8) Spellcasting
 + Level 3.8(3.7) Conjurations
 + Level 3.6 Summonings
   Level 1.0(0.9) Translocations
 + Level 1.0(0.9) Air Magic
 + Level 1.2 Poison Magic
 + Level 2.6(2.5) Evocations


You had 12 spell levels left.
You knew the following spells:

 Your Spells              Type           Power        Failure   Level  Hunger
a - Magic Dart            Conj           ###.         1%          1    None
b - Call Imp              Summ           ###.....     3%          2    None
c - Mephitic Cloud        Conj/Pois/Air  ##......     13%         3    ##.....

Your spell library contained the following spells:

 Spells                   Type           Power        Failure   Level  Hunger
 Conjure Flame            Conj/Fire      ##......     14%         3    ##.....
 Slow                     Hex            #.......     16%         2    None
 Blink                    Tloc           N/A          11%         2    None


Dungeon Overview and Level Annotations

Branches:
Dungeon (8/15)             Temple (1/1) D:7
   Lair: D:8-11

Altars:
Ashenzari
Cheibriados
Dithmenos
Elyvilon
Fedhas
Gozag
Hepliaklqana
Kikubaaqudgha
Makhleb
Nemelex Xobeh
Qazlal
Ru
Sif Muna
Trog
Uskayaw
Vehumet
Wu Jian
Xom
Yredelemnul
Zin
The Shining One

Annotations:
D:5 1 runed door, tamionv's ghost, amateur GrFi


Innate Abilities, Weirdness & Mutations

You cannot wear most types of armour.
You are very stealthy in the water. (Stealth+)
You are amphibious.
You can wear up to eight rings at the same time.
You can use your tentacles to constrict eight enemies at once.
Your skin changes colour to match your surroundings (Stealth+).
Your rubbery body absorbs attacks. (AC +1, EV +1)
Your life essence is reduced to manifest your ancestor. (-10% HP)


Message History

You start resting.
You feel less wooden.
Your +0 hat unmelds from your body.
You start resting.
Your magical contamination has completely faded away.
You start resting.
You are feeling hungry.
You start resting.
A wight comes into view. It is wielding a spear.
A wight comes into view. It is wielding a trident of freezing.
The wight hits you from afar with a spear.
* * * LOW HITPOINT WARNING * * *
You partially resist.
You feel drained.
A wight comes into view. It is wielding an enchanted falchion.
Shatamurrim hits the wight.
Shatamurrim misses the wight.
The wight hits Shatamurrim with a trident of freezing!
The wight freezes Shatamurrim.
The wight hits you from afar with a spear!
You die...

########## .........#.# ###
########.#.# #≈≈ #...#.#.# ##≈.
#.#.#(#.# ##... #.#.#<#.#
#######...♣ #.#.#(#<# #.....#...y
#.#.#(#.############.....#.#≈.
####.#>)(.(((...@.zR.z......+†#≈≈
.......#.#.###...######z....#.###
#......#.#.# #...# #.....#.†.†
#......#.#.###...#### #.....#####
#.....................+..........
#......#.#.#.....######.....#####
######.#.#.#.....# #.....#
#.#.#.#..#### ####### #.# #.#..#


You could see the friendly Shatamurrim the ancestor and 3 wights.

Vanquished Creatures
  A centaur (D:5)
  A crocodile (D:8)
  A gnoll sergeant (D:5)
  2 bullfrogs (D:6)
  5 killer bees (D:8)
  An orc wizard (D:6)
  An orc priest (D:4)
  A bullfrog skeleton (D:5)
  A centaur skeleton (D:6)
  An iguana (D:6)
  6 worker ants
  A hound zombie (D:3)
  A hound skeleton (D:5)
  4 gnolls
  3 adders
  A shadow imp (D:5)
  2 oozes (D:2)
  A worm (D:2)
  9 leopard geckos
  7 orcs
  A ball python (D:5)
  2 giant cockroaches
  12 goblins
  15 hobgoblins
  5 kobolds
  2 quokkas (D:4)
  11 bats
  9 frilled lizards
  3 rats
110 creatures vanquished.

Vanquished Creatures (collateral kills)
  Sigmund (D:6)
  An ice beast (D:7)
  A centaur (D:8)
  A bullfrog (D:6)
  2 scorpions
  A centaur zombie (D:6)
  A howler monkey (D:6)
  2 orc wizards
  A hound (D:6)
  3 worker ants (D:4)
  10 gnolls
  3 adders
  A shadow imp (D:6)
  An adder skeleton (D:4)
  A worm (D:6)
  A dart slug (D:2)
  4 orcs
  2 goblins (D:3)
  3 hobgoblins (D:3)
  3 jackals (D:5)
  4 kobolds
  A rat (D:2)
  2 butterflies (D:7)
50 creatures vanquished.

Vanquished Creatures (others)
  3 ancestors
  A quokka (D:8)
4 creatures vanquished.

Grand Total: 164 creatures vanquished

Notes
Turn   | Place    | Note
-------+----------+-------------------------------------------
     0 | D:1      | Deemzul the Octopode Wizard began the quest for the Orb.
     0 | D:1      | Reached XP level 1. HP: 11/11 MP: 4/4
   227 | D:1      | Reached skill level 3 in Stealth
   278 | D:1      | Reached XP level 2. HP: 12/17 MP: 6/6
   935 | D:1      | Learned a level 2 spell: Call Imp
   953 | D:1      | Reached XP level 3. HP: 14/21 MP: 0/7
  1737 | D:2      | Reached skill level 4 in Stealth
  1871 | D:2      | Reached XP level 4. HP: 27/27 MP: 2/9
  1902 | D:2      | Found a bloodstained altar of Trog.
  2725 | D:3      | Reached XP level 5. HP: 28/31 MP: 5/10
  3162 | D:3      | Found an opulent altar of Gozag.
  3574 | D:4      | Reached skill level 5 in Stealth
  3578 | D:4      | Found a glowing silver altar of Zin.
  3787 | D:4      | Reached XP level 6. HP: 19/36 MP: 0/12
  3939 | D:4      | Found a stormy altar of Qazlal.
  4961 | D:4      | Found a burning altar of Makhleb.
  4967 | D:4      | Found a hazy altar of Hepliaklqana.
  5306 | D:5      | Entered Level 5 of the Dungeon
  5680 | D:5      | Found a runed door.
  5681 | D:5      | Noticed tamionv's ghost (amateur GrFi)
  5775 | D:5      | Reached skill level 6 in Stealth
  5775 | D:5      | Reached XP level 7. HP: 2/41 MP: 5/14
  6474 | D:5      | Found a blossoming altar of Fedhas.
  6654 | D:5      | Found a sacrificial altar of Ru.
  7152 | D:6      | Learned a level 3 spell: Mephitic Cloud
  7267 | D:6      | Found a deep blue altar of Sif Muna.
  7274 | D:6      | You fall through a shaft!
  7274 | D:7      | Found a staircase to the Ecumenical Temple.
  7281 | D:7      | Reached skill level 5 in Spellcasting
  7295 | D:7      | Found a shattered altar of Ashenzari.
  7313 | Temple   | Entered the Ecumenical Temple
  7566 | D:6      | Reached skill level 1 in Evocations
  7648 | D:4      | Became a worshipper of Hepliaklqana the Forgotten
  7713 | D:6      | Reached skill level 7 in Stealth
  7836 | D:6      | Noticed Sigmund
  7853 | D:6      | Reached XP level 8. HP: 24/41 MP: 7/15
  7960 | D:6      | Found a basalt altar of Yredelemnul.
  8237 | D:6      | Killed Sigmund
  8565 | D:7      | Reached * piety under Hepliaklqana
  8925 | D:8      | Reached skill level 8 in Stealth
  9597 | D:8      | Found a white marble altar of Elyvilon.
  9630 | D:8      | Reached skill level 1 in Poison Magic
  9645 | D:8      | HP: 2/41 [killer bee (6)]
  9649 | D:8      | Reached skill level 1 in Air Magic
  9652 | D:8      | HP: 1/61 [poisoned by a killer bee]
  9658 | D:8      | HP: 1/61 [poisoned by a killer bee]
  9664 | D:8      | HP: 1/61 [poisoned by a killer bee]
  9739 | D:8      | Slain by a wight

Vault maps used:
D:1:      nzn_arrival_depleted_hourglass, serial_glass, glass_columns_a,
          glass_columns_a
D:2:      lemuel_crystal_altar
D:3:      cheibrodos_greedy_goblins, grunt_gozag_breadcrumbs
D:4:      lemuel_doored_altar, nicolae_overflow_crystal_walls, minitemple
D:5:      fedhas_bush_and_centaur_altar, nicolae_ru_great_annihilating_truth,
          gammafunk_ghost_grave, first_ration, serial_park_tiny_2,
          lightli_minifort
D:6:      marbit_many_paths, lemuel_round_altar, serial_park_tiny_2,
          uniq_sigmund
D:7:      overflow_temple_1_default, minmay_temple_entry_butterflies,
          kennysheep_generic_room_12
D:8:      kennysheep_mini, elyvilon_altar_4, serial_shops, shop, uniq_joseph
Temple:   compressed_dpeg_triangle_lava_temple

Skill      XL: |  1  2  3  4  5  6  7  8 |
---------------+-------------------------+-----
Stealth        | 3 4 5 6 7 8 |  8.4
Conjurations   | 2 3 |  3.8
Spellcasting   | 4 5 |  5.9
Summonings     | 2 3 |  3.6
Dodging        | 3 4 |  4.2
Evocations     | 1 2 |  2.6
Poison Magic   | 1 |  1.2
Air Magic      | 1 |  1.0
Translocations | |  1.0

Action                   |  1- 3 |  4- 6 |  7- 9 || total
-------------------------+-------+-------+-------++-------
Melee: Unarmed           |    51 |    17 |       ||    68
       Constrict         |    12 |    27 |     4 ||    43
       Tentacles         |     9 |    15 |     3 ||    27
       Flail             |       |     5 |       ||     5
       Dagger            |       |    78 |    25 ||   103
 Cast: Magic Dart        |    77 |    63 |    54 ||   194
       Call Imp          |     3 |    46 |    53 ||   102
       Mephitic Cloud    |       |       |     2 ||     2
Invok: Recall Ancestor   |       |       |     1 ||     1
Evoke: Wand              |       |       |     4 ||     4
  Use: Potion            |       |     2 |     7 ||     9
       Scroll            |       |       |     2 ||     2
 Stab: Sleeping          |     4 |     4 |     7 ||    15
       Distracted        |     1 |       |     1 ||     2
       Paralysed         |       |       |     1 ||     1
  Eat: Chunk             |     3 |    13 |     8 ||    24
       Ration            |       |       |     1 ||     1
Armor: Skin              |     6 |     6 |    20 ||    32
Dodge: Dodged            |    42 |    68 |    28 ||   138

Table legend:
 A = Spawn XP
 B = Non-spawn XP
 C = Spawn XP percentage of total XP
 D = Spawn monster count
 E = Non-spawn monster count
 F = Spawn count percentage of total count
 G = Total turns spent on level
                    A         B        C        D         E        F      G
               +---------+---------+-------+---------+---------+-------+---------
         Total |       0 |    2228 |   0.0 |       0 |     158 |   0.0 |  9739
               +---------+---------+-------+---------+---------+-------+---------
           D:1 |       0 |      38 |   0.0 |       0 |      21 |   0.0 |  1319
           D:2 |       0 |      59 |   0.0 |       0 |      25 |   0.0 |   984
           D:3 |       0 |     145 |   0.0 |       0 |      39 |   0.0 |  1204
           D:4 |       0 |     245 |   0.0 |       0 |      18 |   0.0 |  1888
           D:5 |       0 |     359 |   0.0 |       0 |      20 |   0.0 |  1531
           D:6 |       0 |     696 |   0.0 |       0 |      21 |   0.0 |  1218
           D:7 |       0 |     212 |   0.0 |       0 |       6 |   0.0 |  1119
           D:8 |       0 |     474 |   0.0 |       0 |       8 |   0.0 |   273
               +---------+---------+-------+---------+---------+-------+---------
